Map: Mech Depot LE

Players

NoNameST - Winner!

  • Race: Terran Terran
  • League: Diamond
  • Spawn Location: 1:00

KaZaN

  • Race: Protoss Protoss
  • League: Diamond
  • Spawn Location: 7:00

VOD

Have the link to the VOD?

Description

Time

  • Played on: Oct. 12, 2017, 2:24 p.m.
  • Length: 10:48
Show
View Real Time Build Order
Export as new Build Order

NoNameST Terran - Winner!

Build Orders: Liberator Opening, MMM Bio 

Get SALT Encoding   

  12  0:01  SCV  
  13  0:13  SCV  
  14  0:18  Supply Depot  
  14  0:26  SCV  
  15  0:31  Refinery  
  15  0:40  SCV  
  16  0:45  Barracks  
  16  0:52  SCV  
  17  1:04  SCV  
  18  1:16  SCV  
  20  1:41  Orbital Command  
  20  1:46  Reaper  
  20  2:07  Command Center, SCV  
  21  2:08  Factory  
  21  2:19  SCV  
  22  2:23  Marine  
  23  2:31  Refinery  
  23  2:35  Supply Depot  
  23  2:57  SCV  
  24  3:04  Cyclone  
  24  3:05  Marine  
  28  3:08  Starport  
  28  3:09  SCV  
  29  3:13  Supply Depot  
  29  3:18  Orbital Command  
  29  3:21  SCV  
  29  3:23  Marine  
  31  3:33  SCV  
  32  3:39  Cyclone  
  32  3:40  Marine  
  36  3:45  SCV  
  37  3:53  Liberator  
  37  4:02  SCV  
  37  4:04  SCV  
  38  4:13  Factory Tech Lab  
  38  4:14  Barracks Tech Lab, SCV  
  38  4:16  SCV  
  43  4:20  Engineering Bay  
  43  4:21  Barracks  
  43  4:26  SCV  
  43  4:28  Refinery, SCV  
  43  4:30  Refinery  
  45  4:36  Stimpack  
  45  4:38  SCV  
  46  4:40  SCV  
  47  4:49  Supply Depot  
  47  4:50  Terran Infantry Weapons Level 1, SCV  
  47  4:52  SCV  
  49  4:58  Starport Reactor  
  49  5:03  Marauder  
  49  5:04  SCV x2  
  53  5:16  SCV  
  53  5:17  SCV, Engineering Bay  
  55  5:21  Armory  
  55  5:24  Marine  
  55  5:25  Barracks  
  56  5:28  SCV  
  56  5:29  SCV, Supply Depot  
  56  5:30  Barracks  
  58  5:41  Medivac, SCV x2  
  62  5:50  Marine, Medivac  
  62  5:53  SCV  
  66  6:08  Command Center  
  66  6:09  Marine x2  
  66  6:10  SCV x2  
  70  6:17  Supply Depot  
  70  6:18  Supply Depot  
  70  6:19  Supply Depot x2  
  70  6:22  Missile Turret  
  70  6:32  Barracks Reactor  
  70  6:34  Terran Infantry Armor Level 1  
  70  6:38  Marine x2, Medivac, SCV x2  
  76  6:42  Barracks  
  76  6:45  Barracks  
  76  6:46  Barracks  
  76  6:48  Marauder  
  76  6:50  SCV x2  
  80  6:56  Marine x2  
  80  7:00  Combat Shields  
  82  7:01  Concussive Shells  
  82  7:02  SCV x2, Terran Infantry Weapons Level 2  
  82  7:04  Medivac  
  86  7:09  Marine  
  86  7:14  SCV x2  
  89  7:18  Marine x4  
  93  7:24  Orbital Command  
  93  7:27  Marine, SCV  
  95  7:30  Refinery  
  95  7:36  Marine x2, Marauder  
  99  7:42  Marine  
  99  7:43  Marine x2  
  102  7:44  SCV  
  102  7:45  Marauder  
  102  7:49  Refinery  
  102  7:50  Missile Turret  
  105  7:55  Sensor Tower  
  105  7:56  Marine x2, Missile Turret  
  105  7:58  Marauder  
  110  8:00  Marine  
  110  8:03  Supply Depot  
  109  8:06  Supply Depot, Marauder  
  109  8:07  Barracks Tech Lab  
  109  8:09  Barracks Reactor  
  109  8:10  Barracks Reactor  
  109  8:16  Marine x2  
  109  8:18  Marine, SCV  
  109  8:19  SCV, Marauder  
  116  8:28  Marauder  
  116  8:34  Marine x2, Marauder  
  118  8:36  Marine  
  118  8:37  SCV x3  
  118  8:41  Marauder  
  128  8:45  Supply Depot  
  128  8:46  Supply Depot  
  128  8:49  Marauder  
  128  8:51  Marine  
  128  8:52  Marine  
  128  8:54  Marine, Factory Reactor  
  133  8:57  Starport  
  133  9:04  Marine x4, Marauder x2  
  133  9:09  Marine x2  
  142  9:11  Marine, Marauder  
  142  9:14  Medivac x2  
  150  9:19  Supply Depot  
  150  9:22  Marine x3, Command Center  
  150  9:23  Supply Depot  
  153  9:26  Marauder x2  
  151  9:32  Marine x3, Marauder  
  151  9:33  Marine  
  157  9:44  Marine x2, Medivac  
  157  9:45  Marine  
  158  9:47  Marauder x2  
  158  9:50  Marine x4  
  159  9:53  Marauder  
  160  10:02  Starport Reactor  
  160  10:09  Marauder x2  
  160  10:10  Marine x2  
  160  10:11  Marine x3  
  169  10:15  Marauder  
  169  10:20  Supply Depot  
  171  10:24  Supply Depot x2  
Show
View Real Time Build Order
Export as new Build Order

KaZaN Protoss 

Build Orders: 1 Gate Expand, Blink Stalkers 

Get SALT Encoding   

  12  0:01  Probe (Chrono Boost)  
  13  0:11  Probe (Chrono Boost)  
  14  0:22  Probe (Chrono Boost)  
  14  0:23  Pylon  
  15  0:42  Probe (Chrono Boost)  
  16  0:43  Gateway  
  16  0:52  Probe (Chrono Boost)  
  17  1:04  Probe (Chrono Boost)  
  17  1:08  Assimilator  
  18  1:15  Probe (Chrono Boost)  
  19  1:23  Nexus  
  19  1:29  Probe (Chrono Boost)  
  20  1:35  Cybernetics Core  
  21  1:40  Probe (Chrono Boost)  
  21  1:42  Assimilator  
  21  1:50  Probe (Chrono Boost)  
  22  2:00  Pylon  
  22  2:01  Probe (Chrono Boost)  
  23  2:12  Warp Gate  
  23  2:18  Probe, Adept (Chrono Boost)  
  26  2:29  Twilight Council  
  26  2:35  Probe x2  
  28  2:46  Adept (Chrono Boost)  
  30  2:59  Probe  
  30  3:01  Probe (Chrono Boost)  
  32  3:11  Probe (Chrono Boost)  
  32  3:12  Probe (Chrono Boost)  
  33  3:14  Blink (Chrono Boost)  
  34  3:23  Probe x2 (Chrono Boost)  
  34  3:26  Robotics Facility  
  36  3:32  Probe  
  37  3:34  Probe  
  38  3:42  Probe  
  38  3:46  Probe  
  40  3:53  Probe  
  41  3:59  Probe  
  42  4:03  Probe  
  43  4:11  Gateway, Probe  
  43  4:13  Gateway  
  43  4:15  Observer (Chrono Boost)  
  46  4:17  Gateway  
  46  4:23  Probe  
  46  4:29  Nexus  
  46  4:30  Pylon  
  46  4:33  Pylon  
  46  4:38  Assimilator  
  46  4:41  Assimilator  
  46  4:42  Pylon  
  46  4:44  Pylon  
  46  4:48  Probe (Chrono Boost), Observer (Chrono Boost)  
  46  4:49  Mothership Core (Chrono Boost)  
  46  4:50  Stalker  
  52  5:00  Probe (Chrono Boost)  
  53  5:09  Probe, Stalker x2  
  53  5:12  Probe  
  59  5:17  Observer  
  59  5:21  Probe  
  61  5:30  Probe  
  61  5:33  Probe, Stalker x2  
  61  5:34  Stalker x2  
  71  5:42  Probe  
  72  5:45  Probe  
  68  5:51  Probe  
  68  5:54  Probe  
  68  5:56  Gateway  
  70  5:57  Probe  
  70  5:59  Gateway  
  70  6:01  Gateway  
  70  6:02  Probe, Pylon  
  72  6:04  Pylon  
  72  6:06  Probe  
  72  6:07  Stalker  
  72  6:09  Probe  
  72  6:10  Pylon  
  72  6:11  Pylon  
  76  6:13  Probe  
  76  6:17  Assimilator  
  77  6:18  Probe  
  77  6:19  Assimilator  
  77  6:21  Probe  
  77  6:23  Probe  
  80  6:30  Probe  
  81  6:41  Pylon  
  81  6:44  Pylon  
  81  6:45  Stalker, Pylon  
  81  6:46  Stalker x3  
  89  7:01  Probe  
  89  7:03  Probe x2  
  86  7:08  Stalker x2  
  86  7:09  Stalker  
  86  7:11  Stalker  
  94  7:19  Pylon  
  94  7:21  Probe x2  
  94  7:22  Probe  
  97  7:31  Probe  
  97  7:33  Probe  
  97  7:34  Probe  
  100  7:39  Stalker x2  
  100  7:40  Stalker  
  100  7:42  Probe  
  107  7:44  Charge (Chrono Boost)  
  107  7:45  Probe  
  107  7:46  Probe  
  109  7:52  Probe  
  109  7:58  Probe  
  109  8:05  Probe  
  105  8:06  Probe  
  105  8:10  Probe  
  108  8:17  Forge  
  108  8:21  Forge  
  108  8:28  Stalker x2  
  108  8:29  Stalker x5, Stargate  
  108  8:33  Probe  
  122  8:34  Probe x2  
  125  8:41  Warp Prism (Chrono Boost)  
  125  8:43  Probe  
  125  8:46  Probe x2  
  130  8:50  Templar Archives  
  130  8:54  Probe  
  130  8:58  Probe x2  
  130  9:02  Nexus  
  133  9:03  Protoss Ground Armor Level 1 (Chrono Boost)  
  133  9:05  Protoss Ground Weapons Level 1 (Chrono Boost)  
  133  9:18  Stalker x5  
  133  9:19  Stalker x2  
  129  9:48  Pylon  
  129  9:52  Pylon, High Templar x2  
  125  9:53  High Templar x2  
  125  9:54  Zealot  
  125  9:55  Zealot x2  
  125  9:56  Archon  
  125  9:57  Archon  
  125  9:59  Pylon  
  129  10:09  Pylon  
  129  10:11  Pylon  
  129  10:19  High Templar x2  
  129  10:21  Gateway, High Templar  
  135  10:23  Gateway  
  135  10:24  Archon  
  135  10:26  Gateway  
  135  10:28  High Templar  
  135  10:29  Zealot x3  
  139  10:41  Archon  
Tags
 
Add a new tag
Caveats
  • Supply blocks, unpowered buildings, or Contaminate may cause inaccurate times.
  • Supply counts are checked every 10 seconds.